 Dungeon Crawl Stone Soup version 0.17.1-1-g73c8601 (webtiles) character file.

1402 Goblin1989 the Basher (level 8, -2/46 HPs)
             Began as a Gargoyle Gladiator on Jan 7, 2016.
             Was an Initiate of Makhleb.
             Slain by a black bear (3 damage)
             ... on level 6 of the Dungeon.
             The game lasted 00:25:02 (5235 turns).

Goblin1989 the Basher (Gargoyle Gladiator)          Turns: 5235, Time: 00:25:03

Health: -2/46      AC: 17    Str: 18      XL:     8   Next: 69%
Magic:  17/17      EV: 11    Int: 12      God:    Makhleb [......]
Gold:   142        SH:  0    Dex:  8 (10) Spells: 0 memorised, 7 levels left

rFire  . . .     SeeInvis .     o - +1 flail (protect)
rCold  . . .     Clarity  .     g - +0 ring mail
rNeg   + + .     SustAt   .     (no shield)
rPois  ∞         Gourm    .     c - +0 helmet
rElec  +         Spirit   .     (no cloak)
rCorr  .         Warding  .     (no gloves)
rMut   .         Stasis   .     m - +0 pair of boots
MR     .....                    y - amulet of rage
Stlth  ..........               l - ring of magical power
                                i - ring of positive energy

@: not resistant to hostile enchantments, extremely unstealthy
A: negative energy resistance 1, electricity resistance, unbreathing,
petrification resistance, rot immunity, AC +5
a: Renounce Religion, Evoke Berserk Rage


You were on level 6 of the Dungeon.
You worshipped Makhleb.
Makhleb was noncommittal.
You were hungry.

You visited 2 branches of the dungeon, and saw 7 of its levels.

You collected 287 gold pieces.
You spent 145 gold pieces at shops.

Inventory:

Hand Weapons
 o - a +1 flail of protection (weapon)
Missiles
 d - 3 throwing nets (quivered)
Armour
 c - a +0 helmet (worn)
 g - a +0 ring mail (worn)
 m - a +0 pair of boots (worn)
Jewellery
 a - a cursed -3 ring of dexterity {unknown}
 h - a +3 ring of protection {unknown}
 i - a ring of positive energy (left hand)
 l - a ring of magical power (right hand)
 t - an uncursed ring of teleportation
 y - an amulet of rage (around neck)
Wands
 p - a wand of random effects (11)
 w - a wand of slowing (8)
Scrolls
 j - a scroll of magic mapping
 q - a scroll of remove curse
 r - 2 scrolls of noise {unknown}
 v - a scroll of teleportation {unknown}
 A - a scroll of identify
Potions
 b - a potion of ambrosia {unknown}
 u - a potion of flight
 x - a potion of cure mutation {unknown}
 z - a potion of magic {unknown}
 B - a potion of haste {unknown}
Comestibles
 e - 9 bread rations
 f - 2 meat rations
 k - 3 royal jellies
 n - 5 fruits
 s - 2 beef jerkies


   Skills:
 * Level 3.5 Fighting
 + Level 10.4 Maces & Flails
 - Level 1.7 Throwing
 - Level 2.4 Dodging
 + Level 0.0 Invocations


You had 7 spell levels left.
You didn't know any spells.

Dungeon Overview and Level Annotations

Branches:
Dungeon (6/15)             Temple (1/1) D:6

Altars:
Ashenzari
Cheibriados
Dithmenos
Elyvilon
Fedhas
Gozag
Kikubaaqudgha
Makhleb
Nemelex Xobeh
Okawaru
Qazlal
Ru
Sif Muna
Trog
Vehumet
Xom
Yredelemnul
Zin
The Shining One

Shops:
D:5 ((

Annotations:
D:3 simples's ghost, amateur DrCj
D:4 Grinder
D:5 Olafur's ghost, amateur HuBe
D:6 Goblin1989's ghost, novice VSAs


Innate Abilities, Weirdness & Mutations

You are resistant to torment.
Your stone body is resilient (AC +5).
You are immune to poison.
You resist negative energy.
You are resistant to electric shocks.
You can survive without breathing.
You are immune to petrification.
You are immune to rotting.


Message History

The black bear bites you!
* * * LOW HITPOINT WARNING * * *
The black bear claws you but does no damage.
The black bear closely misses you.
You hit the black bear.
The black bear is almost dead.
The black bear bites you!
* * * LOW HITPOINT WARNING * * *
The black bear claws you but does no damage.
The black bear claws you.
* * * LOW HITPOINT WARNING * * *
Read which item? (? for menu, Esc to quit)
Okay, then.
Drink which item? (? for menu, Esc to quit)
Okay, then.
The black bear bites you but does no damage.
The black bear misses you.
The black bear claws you but does no damage.
The black bear barely misses you. The black bear claws you.
You die...

.#.....#.....#......#
.'.....#.....#......#
+#.....#.(...#####'##
.......#...........#
.......#...........#
.......+>..........#
.......#.....##....#
.......#.....#######
.......#.....##.@..#
..######<.....>h...#
..#................#
..#................#
..#................#
..######.....##....#
### .##.....##....#
..............#
..............#


You could see a black bear (berserk).

Vanquished Creatures
  Eustachio (D:4)
  A sky beast (D:5)
  2 ogres (D:5)
  An orc warrior (D:6)
  2 centaurs (D:5)
  A scorpion (D:5)
  A centaur zombie (D:6)
  A crimson imp (D:5)
  A giant frog zombie (D:5)
  2 hounds
  A quasit (D:5)
  An orc priest (D:3)
  Natasha (twice) (D:3)
  2 iguanas (D:5)
  3 worker ants
  An orc wizard (D:6)
  11 adders
  7 gnolls
  2 shadow imps
  2 oozes
  An adder skeleton (D:5)
  3 worms
  4 giant geckos
  12 orcs
  6 bats
  6 hobgoblins
  3 jackals (D:4)
  4 kobolds
  3 ball pythons
  4 giant cockroaches
  A giant gecko skeleton (D:5)
  4 giant newts
  7 goblins
  3 quokkas
  4 rats
110 creatures vanquished.

Notes
Turn   | Place    | Note
--------------------------------------------------------------
     0 | D:1      | Goblin1989 the Gargoyle Gladiator began the quest for the Orb.
     0 | D:1      | Reached XP level 1. HP: 12/12 MP: 1/1
   321 | D:1      | Reached XP level 2. HP: 17/17 MP: 2/2
   801 | D:2      | Reached skill level 4 in Maces & Flails
   801 | D:2      | Reached XP level 3. HP: 16/21 MP: 3/3
   883 | D:2      | HP: 1/21 [gnoll/club (5)]
  1027 | D:2      | Reached XP level 4. HP: 2/26 MP: 4/4
  1470 | D:2      | Reached skill level 5 in Maces & Flails
  2291 | D:2      | Reached XP level 5. HP: 30/30 MP: 5/5
  2553 | D:3      | Found a sacrificial altar of Ru.
  2584 | D:3      | Noticed simples's ghost (amateur DrCj)
  2587 | D:3      | Found a shattered altar of Ashenzari.
  2674 | D:3      | Noticed Natasha
  2683 | D:3      | Killed Natasha
  2683 | D:3      | Reached skill level 6 in Maces & Flails
  2900 | D:3      | Reached XP level 6. HP: 31/35 MP: 6/6
  3241 | D:3      | Noticed Natasha
  3307 | D:3      | Killed Natasha
  3610 | D:4      | Reached skill level 7 in Maces & Flails
  3673 | D:4      | Noticed Eustachio
  3684 | D:5      | Entered Level 5 of the Dungeon
  3982 | D:5      | Reached XP level 7. HP: 26/40 MP: 7/7
  4008 | D:5      | Noticed Olafur's ghost (amateur HuBe)
  4019 | D:4      | Killed Eustachio
  4019 | D:4      | Reached skill level 8 in Maces & Flails
  4047 | D:4      | Noticed Grinder
  4169 | D:5      | Found Asyossoca's Weapon Shop.
  4176 | D:5      | Bought a +1 flail of protection for 145 gold pieces
  4201 | D:5      | Reached skill level 9 in Maces & Flails
  4239 | D:5      | Reached XP level 8. HP: 31/44 MP: 8/8
  4496 | D:5      | Found Xoca's Weapon Shoppe.
  4544 | D:5      | Reached skill level 10 in Maces & Flails
  5085 | D:6      | Noticed Goblin1989's ghost (novice VSAs)
  5120 | D:6      | Found a staircase to the Ecumenical Temple.
  5130 | Temple   | Entered the Ecumenical Temple
  5162 | Temple   | Became a worshipper of Makhleb the Destroyer
  5233 | D:6      | HP: 1/46 [black bear (3)]
  5235 | D:6      | Slain by a black bear

Action                   |  1- 3 |  4- 6 |  7- 9 || total
-------------------------+-------+-------+-------++-------
Melee: Flail             |   110 |   303 |   154 ||   567
Throw: Throwing net      |     1 |       |       ||     1
Evoke: Wand              |       |     3 |    12 ||    15
  Use: Scroll            |       |     6 |       ||     6
       Potion            |       |       |     1 ||     1
 Stab: Held in net/web   |     1 |       |       ||     1
  Eat: Chunk             |     1 |     9 |     4 ||    14
